 Dungeon Crawl Stone Soup version 0.30-a0-141-g30f27751c5 (webtiles) character file.

Game seed: 10300698578461126346

13267 zxpr0jk the Thaumaturge (level 11, -7/74 HPs)
             Began as a Purple Draconian Hedge Wizard on Sept 26, 2022.
             Was a Follower of Sif Muna.
             Killed from afar by a fire dragon (40 damage)
             ... with a blast of flame
             ... on level 12 of the Dungeon.
             The game lasted 01:01:31 (14936 turns).

zxpr0jk the Thaumaturge (DrHW)                     Turns: 14936, Time: 01:01:32

Health: -7/74      AC: 13    Str: 13      XL:     11   Next: 73%
Magic:  5/34       EV: 12    Int: 14 (22) God:    Sif Muna [*.....]
Gold:   2496       SH:  0    Dex: 10      Spells: 1/30 levels left

rFire   . . .      SeeInvis +    b - staff of death
rCold   . . .      Faith    .    a - orb {*channel}
rNeg    + . .      Spirit   .    (body armour unavailable)
rPois   .          Reflect  .    R - +2 hat {Int+3}
rElec   .          Harm     .    k - +1 cloak
rCorr   .          Rampage  .    f - +0 pair of gloves
Will    ++...                    h - +0 pair of boots
Stlth   ++........               (no amulet)
HPRegen 0.22/turn                N - ring "Ogifed" {Will+ SInv}
MPRegen 0.24/turn                u - ring of magical power

@: short of breath, hasted, very quick
A: breathe power, AC +7, unfitting armour, cold-blooded
a: Breathe Dispelling Energy, Renounce Religion, Channel Magic


You were on level 12 of the Dungeon.
You worshipped Sif Muna.
Sif Muna was aware of your devotion.
You visited 3 branches of the dungeon, and saw 15 of its levels.
You also visited: Trove.

You collected 2821 gold pieces.
You spent 325 gold pieces at shops.

Inventory:

Hand Weapons
 j - a +7 hand axe of venom
 m - a +1 falchion of holy wrath
 q - a +2 war axe of freezing
 y - a +3 falchion of flaming
 P - a +0 vorpal scimitar
Missiles
 e - 3 throwing nets
Armour
 a - an orb of energy (worn)
 f - a +0 pair of gloves (worn)
 h - a +0 pair of boots (worn)
 k - a +1 cloak (worn)
 R - a +2 hat of intelligence (worn)
Magical Staves
 b - a staff of death (weapon)
Jewellery
 g - a ring of flight
 u - a ring of magical power (right hand)
 J - a ring of positive energy
 N - the ring "Ogifed" (left hand) {Will+ SInv}
   (You found it in a treasure trove)

   [ring of willpower]

   SInv:      It lets you see invisible.
   Will:      It increases your willpower.
Wands
 F - a wand of paralysis (22)
 G - a wand of mindburst (4)
Scrolls
 n - 2 scrolls of vulnerability {unknown}
 p - 5 scrolls of teleportation
 r - 2 scrolls of poison
 s - 2 scrolls of blinking
 I - 3 scrolls of brand weapon
Potions
 c - a potion of brilliance
 i - a potion of cancellation {unknown}
 o - a potion of lignification
 t - 2 potions of might {unknown}
 v - 2 potions of flight
 x - 2 potions of berserk rage
 B - a potion of ambrosia
 K - a potion of curing
Miscellaneous
 w - a phial of floods
 O - a lightning rod (4/4)


   Skills:
 - Level 3.0 Staves
 - Level 2.3 Dodging
 - Level 2.6 Stealth
 - Level 8.0 Shields
 - Level 10.3 Spellcasting
 - Level 5.1 Conjurations
 - Level 2.0 Summonings
 - Level 7.0 Necromancy
 - Level 2.0 Translocations
 - Level 5.4 Transmutations
 - Level 5.5 Fire Magic
 * Level 1.1 Ice Magic
 - Level 5.5 Poison Magic
 * Level 4.7 Evocations


You had one spell level left.
You knew the following spells:

 Your Spells              Type           Power      Damage    Failure   Level
a - Ignite Poison         Fire/Tmut/Pois 22%        N/A       3%          3
b - Call Imp              Summ           13%        N/A       7%          2
c - Mephitic Cloud        Conj/Pois/Air  17%        N/A       7%          3
d - Blink                 Tloc           24%        N/A       7%          2
e - Necrotise             Necr           100%       1d9       1%          1
f - Vampiric Draining     Necr           40%        2d8       1%          3
g - Frozen Ramparts       Ice            20%        1d4       19%         3
h - Sublimation of Blood  Necr           40%        N/A       1%          2
i - Dispel Undead         Necr           40%        3d16      5%          4
j - Tukima's Dance        Hex            7%         N/A       30%         3
k - Ozocubu's Armour      Ice            10%        N/A       19%         3

Your spell library contained the following spells:

 Spells                   Type           Power      Damage    Failure   Level
 Magic Dart               Conj           84%        1d7       1%          1
 Slow                     Hex            28%        N/A       10%         1
 Cigotuvi's Dreadful Rot  Necr/Pois/Air  56%        N/A       2%          2
 Passwall                 Tmut/Erth      11%        N/A       4%          2
 Ensorcelled Hibernation  Hex/Ice        16%        N/A       12%         2
 Agony                    Necr           40%        N/A       16%         5
 Portal Projectile        Hex/Tloc       20%        N/A       21%         3
 Irradiate                Conj/Tmut      11%        3d15      30%         5
 Petrify                  Tmut/Erth      14%        N/A       32%         4
 Summon Lightning Spire   Summ/Air       10%        N/A       54%         4
 Death Channel            Necr           20%        N/A       65%         6
 Lightning Bolt           Conj/Air       7%         1d19      67%         5
 Airstrike                Air            3%         2d(1-17)  69%         4
 Cause Fear               Hex            3%         N/A       69%         4
 Freezing Cloud           Conj/Ice/Air   6%         6-21      75%         5
 Dragon Form              Tmut           11%        N/A       100%        7
 Enfeeble                 Hex            3%         N/A       100%        7
 Necromutation            Tmut/Necr      18%        N/A       100%        8
 Dragon's Call            Summ           6%         N/A       100%        9


Dungeon Overview and Level Annotations

Branches:
Dungeon (12/15)            Temple (1/1) D:5            Lair (0/5) D:9
    Orc (2/2) D:9
    Elf: Orc:2

Altars:
Ashenzari
Cheibriados
Elyvilon
Fedhas
Hepliaklqana
Nemelex Xobeh
Okawaru
Qazlal
Sif Muna
Xom
Zin
The Shining One

Shops:
D:5 [(*   D:7 (   D:8 !   D:11 :   Orc:2 ?


Innate Abilities, Weirdness & Mutations

You can breathe bolts of dispelling energy.
Your rich purple scales are hard. (AC +7)
You cannot fit into any form of body armour.
You are cold-blooded and may be slowed by cold attacks.


Message History

The boggart hits you but does no damage.
Unknown command.
Casting: Vampiric Draining (safe; 1% risk of failure)
Confirm with . or Enter, or press ? or * to list all spells.
Aiming: Vampiric Draining (safe; 1% risk of failure)
Press: ? - help, Shift-Dir - straight line, f/p - boggart
Aim: a boggart (moderately wounded)
You feel a surge of power!
You draw life force from the boggart!
You feel life coursing into your body.
The boggart hits you but does no damage.
Unknown command.
Casting: Vampiric Draining (safe; 1% risk of failure)
Confirm with . or Enter, or press ? or * to list all spells.
Aiming: Vampiric Draining (safe; 1% risk of failure)
Press: ? - help, Shift-Dir - straight line, f/p - boggart
Aim: a boggart (severely wounded)
You feel a surge of power!
You draw life force from the boggart!
You kill the boggart!
Sif Muna accepts your kill.
You feel life coursing into your body.
Your shadow imp gestures at the fire dragon.
The fire dragon easily resists.
You feel a surge of power!
You draw magical energy from your own body!
The fire dragon breathes flames at you. The blast of flame hits you!!
You are too injured to fight recklessly!
Casting: Sublimation of Blood (safe; 1% risk of failure)
Confirm with . or Enter, or press ? or * to list all spells.
Okay, then.
Okay, then.
Okay, then.
Things that are here:
a potion of lignification; a scroll of brand weapon
Found 4 stones.
You feel stable enough to blink again. The fire dragon breathes flames at you.
The blast of flame hits you!!!
Ouch! That really hurt!
You die...

...(.....
........#
........# ......#
.....# #...#
#...# #..@#######
#######..........
.........!......$
................#
.........D.....>#
#######..5......#
#...#####.# #...#
.# #..†#


You could see a fire dragon (catching breath, ally target) and a friendly shadow
imp (summoned).

Vanquished Creatures
  A centaur warrior (D:11)
  2 two-headed ogres
  An orc knight (D:9)
  A cyclops (D:8)
  Maurice (D:12)
  Maggie (D:6)
  3 kobold demonologists (D:10)
  An unseen horror (D:10)
  A komodo dragon (D:9)
  A troll (D:12)
  A hornet (D:8)
  Prince Ribbit (D:6)
  5 shadows
  A wyvern (D:11)
  2 wraiths
  6 yaks
  6 vampire mosquitoes
  A steam dragon (D:7)
  3 acid dragons
  A water moccasin (D:7)
  A floating eye (shapeshifter) (D:8)
  Duvessa (D:6)
  2 sky beasts (D:7)
  3 orc warriors
  3 ice beasts
  2 black bears
  An ogre (D:5)
  A boggart (D:12)
  3 centaurs
  2 phantoms
  4 kobold brigands
  2 bullfrogs (D:7)
  4 necrophages
  Blork the orc (D:6)
  3 gnoll sergeants
  3 scorpions
  Dowan (D:6)
  A troll zombie (D:9)
  4 killer bees (D:7)
  A howler monkey (D:9)
  3 jellies
  6 hounds
  7 orc priests
  Crazy Yiuf (D:2)
  11 orc wizards
  Natasha (D:4)
  3 iguanas
  7 ogre zombies (D:9)
  8 adders
  8 gnolls
  A shadow imp (D:3)
  3 white imps
  An ufetubus (D:6)
  4 worms
  3 dart slugs
  42 orcs
  2 bats
  6 endoplasms
  2 giant cockroaches (D:2)
  10 goblins
  7 hobgoblins
  4 jackals
  3 quokkas
  9 ball pythons
  2 frilled lizards
  3 goblin zombies (D:9)
  A hobgoblin skeleton (D:9)
  2 hobgoblin zombies (D:9)
  29 kobolds
  2 orc skeletons (D:9)
  17 orc zombies (D:9)
  3 rats
294 creatures vanquished.

Vanquished Creatures (collateral kills)
  A yak (D:9)
  Pargi (D:4)
  2 howler monkeys (D:9)
  A jelly (D:5)
  A hound (D:5)
  An orc priest (D:6)
  Natasha (D:4)
  2 gnolls (D:12)
  2 orcs
  A ball python (D:4)
13 creatures vanquished.

Vanquished Creatures (others)
  A shadow (D:11)
  9 plants
10 creatures vanquished.

Grand Total: 317 creatures vanquished

Notes
Turn   | Place    | Note
-------+----------+-------------------------------------------
     0 | D:1      | zxpr0jk the Draconian Hedge Wizard began the quest for the
                  | Orb.
     0 | D:1      | Reached XP level 1. HP: 14/14 MP: 4/4
   347 | D:1      | Reached XP level 2. HP: 20/20 MP: 0/6
   876 | D:2      | Learned a level 2 spell: Call Imp
  1300 | D:2      | Reached XP level 3. HP: 25/26 MP: 7/7
  1319 | D:2      | Found a sparkling altar of Nemelex Xobeh.
  1471 | D:2      | Learned a level 3 spell: Mephitic Cloud
  1588 | D:2      | Found a runed translucent door.
  1589 | D:2      | Noticed Crazy Yiuf
  1609 | D:2      | Killed Crazy Yiuf
  1610 | D:2      | Reached XP level 4. HP: 33/33 MP: 5/8
  2752 | D:4      | Reached XP level 5. HP: 32/38 MP: 10/10
  2850 | D:4      | Noticed Natasha
  2859 | D:4      | Killed Natasha
  2937 | D:4      | Learned a level 2 spell: Blink
  2939 | D:4      | Learned a level 1 spell: Necrotise
  3049 | D:4      | Noticed Pargi
  3060 | D:4      | Killed Pargi
  3061 | D:4      | Reached skill level 4 in Spellcasting
  3061 | D:4      | Reached XP level 6. HP: 35/45 MP: 7/12
  3259 | D:4      | Noticed Natasha
  3280 | D:4      | Killed Natasha
  3495 | D:4      | Reached skill level 5 in Conjurations
  3631 | D:4      | Your scales start taking on a rich purple colour.
  3631 | D:4      | Reached skill level 5 in Spellcasting
  3631 | D:4      | Reached XP level 7. HP: 50/50 MP: 10/15
  3674 | D:4      | Reached skill level 1 in Necromancy
  4054 | D:5      | Entered Level 5 of the Dungeon
  4116 | D:5      | Reached skill level 6 in Spellcasting
  4211 | D:5      | Found Vaohy's Antique Weapon Shop.
  4520 | D:5      | Reached XP level 8. HP: 29/57 MP: 17/17
  4963 | D:5      | Found a hazy altar of Hepliaklqana.
  5005 | D:5      | Reached skill level 5 in Necromancy
  5106 | D:5      | Found Cacuobyx's Assorted Antiques.
  5109 | D:5      | Bought a blackened agate ring for 105 gold pieces
  5201 | D:5      | Found Afreh's Armour Boutique.
  5209 | D:5      | Bought a +0 kite shield for 45 gold pieces
  5230 | D:5      | Found a staircase to the Ecumenical Temple.
  5240 | D:5      | Got Jiutul's Tome of Frostbitten Variation
  5246 | Temple   | Entered the Ecumenical Temple
  5251 | Temple   | Became a worshipper of Sif Muna the Loreminder
  5329 | D:6      | Reached skill level 1 in Shields
  5329 | D:6      | Reached skill level 7 in Spellcasting
  5443 | D:6      | Noticed Blork the orc
  5454 | D:6      | Killed Blork the orc
  5685 | D:6      | Learned a level 3 spell: Vampiric Draining
  6205 | D:6      | Noticed Maggie
  6211 | D:6      | Noticed Prince Ribbit
  6219 | D:6      | Killed Prince Ribbit
  6220 | D:6      | Reached skill level 8 in Spellcasting
  6221 | D:6      | Killed Maggie
  6222 | D:6      | Reached skill level 5 in Shields
  6222 | D:6      | Reached XP level 9. HP: 20/62 MP: 10/21
  6510 | D:6      | Noticed Duvessa
  6510 | D:6      | Noticed Dowan
  6516 | D:6      | Killed Duvessa
  6525 | D:6      | Killed Dowan
  6525 | D:6      | Reached * piety under Sif Muna
  6638 | D:6      | Learned a level 3 spell: Ignite Poison
  6642 | D:6      | Learned a level 3 spell: Frozen Ramparts
  7269 | D:7      | Reached skill level 9 in Spellcasting
  7788 | D:7      | Found Lifry's Weapon Emporium.
  8338 | D:8      | Reached skill level 1 in Fire Magic
  8338 | D:8      | Reached skill level 1 in Poison Magic
  8392 | D:8      | Reached skill level 1 in Transmutations
  8394 | D:8      | Reached ** piety under Sif Muna
  8434 | D:8      | Reached XP level 10. HP: 36/69 MP: 23/23
  8479 | D:8      | Learned a level 2 spell: Sublimation of Blood
  8755 | D:8      | Noticed a cyclops
  8761 | D:8      | Killed a cyclops
  8770 | D:8      | Got Sif Muna's Book of Curses
  9310 | D:8      | Found Epnoleun's Distillery.
  9313 | D:8      | Bought a potion of curing for 42 gold pieces
  9430 | D:9      | Noticed a two-headed ogre
  9431 | D:9      | Found a staircase to the Lair.
  9472 | D:9      | Found a staircase to the Orcish Mines.
  9484 | D:9      | Reached *** piety under Sif Muna
  9965 | D:9      | Found a sparkling altar of Nemelex Xobeh.
 10006 | D:9      | Found an iron altar of Okawaru.
 10035 | D:9      | Reached skill level 10 in Spellcasting
 10449 | D:9      | Learned a level 4 spell: Dispel Undead
 10453 | D:9      | Learned a level 3 spell: Tukima's Dance
 10705 | Orc:1    | Entered Level 1 of the Orcish Mines
 10705 | Orc:1    | Noticed an orc knight
 10708 | Orc:2    | Entered Level 2 of the Orcish Mines
 10708 | Orc:2    | Found Rubrocoo's Magic Scroll Shoppe.
 10712 | Orc:2    | Bought a scroll of brand weapon for 133 gold pieces
 10905 | D:9      | Killed a two-headed ogre
 10906 | D:9      | Reached **** piety under Sif Muna
 11156 | D:9      | Killed an orc knight
 12183 | D:9      | Reached skill level 5 in Transmutations
 12183 | D:9      | Reached skill level 5 in Fire Magic
 12183 | D:9      | Reached skill level 5 in Poison Magic
 12183 | D:9      | Reached XP level 11. HP: 50/74 MP: 0/25
 12360 | D:10     | Entered Level 10 of the Dungeon
 13099 | D:10     | Found a portal to a secret trove of treasure.
 13103 | Trove    | Entered a treasure trove
 13122 | Trove    | Identified the ring "Ogifed" {Will+ SInv}
 13234 | D:10     | Identified 2 scrolls of acquirement
 13234 | D:10     | Acquired 971 gold pieces
 13235 | D:10     | Acquired a staff of death
 13281 | D:11     | Noticed a centaur warrior
 13306 | D:11     | Killed a centaur warrior
 13307 | D:11     | Reached skill level 1 in Staves
 13307 | D:11     | Reached skill level 1 in Evocations
 13474 | D:11     | Learned a level 3 spell: Ozocubu's Armour
 13814 | D:11     | Found Huibbod's Book Boutique.
 14618 | D:12     | Noticed Maurice
 14641 | D:12     | Killed Maurice
 14732 | D:12     | Noticed a two-headed ogre
 14739 | D:12     | Killed a two-headed ogre
 14918 | D:12     | Noticed a fire dragon
 14929 | D:12     | Reached skill level 1 in Ice Magic
 14936 | D:12     | Killed from afar by a fire dragon

Illustrated notes

Levels and vault maps discovered:
D:1:      minmay_arrival_five_plusses, layout_rooms, lemuel_flame_loot_1
D:2:      layout_loops_corners, basic_altar, minmay_surrounded,
          uniq_crazy_yiuf_cottage
D:3:      layout_rooms
D:4:      layout_basic, corexii_item_surrounded_by_moat, minmay_close_crescents,
          uniq_pargi, uniq_natasha
D:5:      layout_basic, general_overflow_altar, minmay_temple_entry_offerings,
          serial_shops, nicolae_shop_hallway_stairs, nicolae_shop_behind_doors,
          shop
D:6:      layout_loops_cross, kennysheep_generic_room_8, uniq_duvessa,
          uniq_blork_the_orc, uniq_maggie, uniq_prince_ribbit1
D:7:      layout_loops_corners, serial_shops, nicolae_shop_hallway_stairs
D:8:      minmay_blocky_corners, layout_rooms, serial_shops, kennysheep_mini
D:9:      layout_loops_ring, mainiacjoe_overflow_catwalk_spiral,
          david_lair_shrubbed, zombieorc2_lemuel, roderic_serpentine_path,
          minmay_misc_feat_roman
D:10:     layout_rooms, enter_trove_6
D:11:     layout_rooms, serial_shops, nicolae_shop_advertising_works
          [nicolae_subvault_shop_adworks]
D:12:     layout_small_grid, minmay_shattered_shrine, uniq_maurice
Temple:   compressed_dpeg_triangle_lava_temple
Orc:1:    layout_caves
Orc:2:    kennysheep_orc_mage_school, layout_diamond_mine, serial_shops, shop

Skill      XL: |  1  2  3  4  5  6  7  8  9 10 11 |
---------------+----------------------------------+-----
Dodging        | 2 |  2.3
Stealth        | 2 |  2.6
Summonings     | 2 |  2.0
Translocations | 2 |  2.0
Conjurations   | 2 4 5 |  5.1
Spellcasting   | 4 5 6 8 9 10 | 10.3
Necromancy     | 4 5 7 |  7.0
Shields        | 5 8 |  8.0
Fire Magic     | 1 5 |  5.5
Poison Magic   | 1 5 |  5.5
Transmutations | 1 5 |  5.4
Staves         | 3 |  3.0
Evocations     | 4 |  4.7
Ice Magic      | 1 |  1.1

Action                   |  1- 3 |  4- 6 |  7- 9 | 10-12 || total
-------------------------+-------+-------+-------+-------++-------
Melee: Dagger            |    66 |   197 |   191 |       ||   454
       Tailslap          |     9 |    33 |    51 |    24 ||   117
       Spear             |     5 |       |       |       ||     5
       Punch             |       |     1 |     1 |       ||     2
       Falchion          |       |     2 |    22 |    22 ||    46
       Hand axe          |       |       |   111 |   150 ||   261
       Staff             |       |       |       |    16 ||    16
 Cast: Magic Dart        |    16 |     4 |     1 |       ||    21
       Mephitic Cloud    |     1 |     1 |    11 |     7 ||    20
       Call Imp          |       |     4 |    15 |    29 ||    48
       Necrotise         |       |     3 |     1 |     9 ||    13
       Blink             |       |     1 |     7 |     8 ||    16
       Vampiric Draining |       |       |     6 |    57 ||    63
       Ignite Poison     |       |       |     1 |     2 ||     3
       Frozen Ramparts   |       |       |       |    15 ||    15
       Tukima's Dance    |       |       |       |     3 ||     3
       Dispel Undead     |       |       |       |    16 ||    16
       Ozocubu's Armour  |       |       |       |     4 ||     4
       Sublimation of Bl |       |       |       |     2 ||     2
 Abil: Breathe Dispellin |       |       |       |     6 ||     6
Evoke: Wand              |       |       |     2 |    27 ||    29
  Use: Potion            |     2 |       |     3 |     8 ||    13
       Scroll            |       |       |    12 |    13 ||    25
 Stab: Sleeping          |       |     5 |     4 |     1 ||    10
       Distracted        |       |     1 |       |       ||     1
       Confused          |       |       |     2 |     3 ||     5
       Paralysed         |       |       |       |     3 ||     3
Armor: Skin              |    14 |    99 |   150 |   129 ||   392
Dodge: Dodged            |    32 |   139 |   242 |   206 ||   619
Block: Kite shield       |       |       |    96 |   126 ||   222

Table legend: (Time is in decaauts)
 A = Elapsed time spent in this place.
 B = Non-inter-level travel time spent in this place.
 C = Inter-level travel time spent in this place.
 D = Time resting spent in this place.
 E = Time spent auto-exploring this place.
 F = Levels seen in this place.
 G = Mean time per level.
                   A        B        C        D        E       F      G
               +--------+--------+--------+--------+--------+-----+--------+
         Total |  15085 |  14856 |    229 |   3613 |   8504 |  16 |  942.8 |
       Dungeon |  14842 |  14613 |    229 |   3447 |   8484 |  12 | 1236.8 |
        Temple |     10 |     10 |      0 |      0 |      0 |   1 |   10.0 |
  Orcish Mines |    182 |    182 |      0 |    166 |      0 |   2 |   91.0 |
         Trove |     49 |     49 |      0 |      0 |     20 |   1 |   49.0 |
               +--------+--------+--------+--------+--------+-----+--------+

Top non-repeatable levels by time:
     D:9: 2813 daAuts
     D:6: 1698 daAuts
     D:4: 1364 daAuts
     D:7: 1345 daAuts
     D:2: 1311 daAuts
     D:5: 1203 daAuts
     D:8: 1192 daAuts
    D:11: 1162 daAuts
    D:10: 879 daAuts
     D:1: 861 daAuts
    D:12: 505 daAuts
     D:3: 505 daAuts
   Orc:2: 174 daAuts
   Trove: 49 daAuts
  Temple: 10 daAuts
